 Dungeon Crawl Stone Soup version 0.22.0-75-g3901e7991e (webtiles) character file.

414 Azzok the Firebug (level 6, -6/36 HPs)
             Began as an Octopode Fire Elementalist on Sept 11, 2018.
             Mangled by a gnoll
             ... wielding a +0 spear
              (7 damage)
             ... on level 5 of the Dungeon.
             The game lasted 00:10:29 (5763 turns).

Azzok the Firebug (Octopode Fire Elementalist)      Turns: 5763, Time: 00:10:29

Health: -6/36      AC:  1    Str:  8      XL:     6   Next: 91%
Magic:  1/9        EV: 12    Int: 19      God:
Gold:   135        SH:  0    Dex:  2 (12) Spells: 2/10 levels left

rFire    . . .     SeeInvis .   (no weapon)
rCold    . . .     Gourm    .   (no shield)
rNeg     . . .     Faith    .   (helmet restricted)
rPois    .         Spirit   .   (no amulet)
rElec    .         Reflect  .   (no ring)
rCorr    .         Harm     .   (no ring)
MR       .....                  (no ring)
Stlth    ++........             (no ring)
HPRegen  0.12/turn              (no ring)
MPRegen  0.11/turn              (no ring)
                                (no ring)
                                (no ring)

@: very slightly contaminated
A: almost no armour, stealthy swim, amphibious, 8 rings, constrict 8, camouflage
1, gelatinous body 1
a: no special abilities


You were on level 5 of the Dungeon.
You were not hungry.

You visited 1 branch of the dungeon, and saw 5 of its levels.

You collected 135 gold pieces.

Inventory:

Scrolls
 e - 3 scrolls of identify
 g - a scroll of teleportation
 j - a scroll of random uselessness {unknown}
Potions
 a - a potion of brilliance {unknown}
 c - a potion of flight {unknown}
 d - a potion of haste
 f - 3 potions of curing {unknown}
 h - a potion of mutation {unknown}
 i - a potion of heal wounds {unknown}
 k - a potion of invisibility {unknown}
Comestibles
 b - 8 rations


   Skills:
 - Level 2.0 Dodging
 - Level 2.6 Stealth
 + Level 2.5 Spellcasting
 + Level 4.6 Conjurations
 + Level 5.5 Fire Magic


You had 2 spell levels left.
You knew the following spells:

 Your Spells              Type           Power        Failure   Level  Hunger
a - Flame Tongue          Conj/Fire      ###..        1%          1    #......
b - Conjure Flame         Conj/Fire      ###.....     6%          3    ###....
c - Sticky Flame          Conj/Fire      ###.....     21%         4    #####..

Your spell library contained the following spells:

 Spells                   Type           Power        Failure   Level  Hunger
 Throw Flame              Conj/Fire      ###...       3%          2    ##.....
 Inner Flame              Hex/Fire       ##......     16%         3    ###....
 Fireball                 Conj/Fire      ###.......   50%         5    ######.
 Cause Fear               Hex            #.........   85%         4    #####..
 Silence                  Hex/Air        #.........   99%         5    ######.
 Yara's Violent Unravell  Hex/Tmut       #.........   99%         5    ######.
 Deflect Missiles         Chrm/Air       #.........   100%        6    #######
 Discord                  Hex            #.........   100%        8    #######


Dungeon Overview and Level Annotations

Branches:
Dungeon (5/15)
 Temple: D:4-7

Altars:
Ashenzari
Cheibriados
Dithmenos

Annotations:
D:4 Sigmund


Innate Abilities, Weirdness & Mutations

You cannot wear most types of armour.
You are very stealthy in the water. (Stealth+)
You are amphibious.
You can wear up to eight rings at the same time.
You can use your tentacles to constrict eight enemies at once.
Your skin changes colour to match your surroundings (Stealth+).
Your rubbery body absorbs attacks. (AC +1, EV +1)


Message History

Casting: Flame Tongue (safe; 1% risk of failure)
Confirm with . or Enter, or press ? or * to list all spells.
Aiming: Flame Tongue (safe; 1% risk of failure)
Press: ? - help, Shift-Dir - straight line, f - gnoll
Aim: a gnoll, wielding a spear The flame tongue hits the gnoll.
The gnoll is moderately wounded.
The gnoll hits you from afar with a spear.
* * * LOW HITPOINT WARNING * * *
Casting: Flame Tongue (safe; 1% risk of failure)
Confirm with . or Enter, or press ? or * to list all spells.
Aiming: Flame Tongue (safe; 1% risk of failure)
Press: ? - help, Shift-Dir - straight line, f/p - gnoll
Aim: a gnoll, wielding a spear (moderately wounded)
You miscast Flame Tongue.
You are very lightly contaminated with residual magic.
Wisps of smoke drift from your tentacles.
* * * LOW MAGIC WARNING * * *
The gnoll hits you from afar with a spear!
You die...

▒··▒·▒·▒▒▒▒▒▒▒▒▒▒▒·▒
▒▒···▒·▒ ▒·▒
▒▒▒▒▒▒▒·▒▒·▒ ▒·▒
···········▒▒▒▒▒▒
▒·▒ ▒▒
▒▒▒▒▒▒▒Z▒▒▒·····▒
▒·▒ ·▒ ▒·▒
▒·····▒▒▒▒▒▒·▒
······ ▒g▒
▒············▒
······ ▒·▒
▒·····▒▒▒▒▒▒▒▒
··?··· ▒@▒ ▒·····▒
▒▒▒▒·· ▒·▒ ▒▒▒·▒▒▒ ▒
▒Z· ▒·▒ ▒·▒ ▒▒··
▒▒▒▒▒▒▒▒·▒ ▒·▒ ···
·········▒ ▒·▒
▒·▒▒▒▒▒▒▒▒·▒▒ ▒·▒
▒··········▒
▒··▒▒▒▒▒▒▒·▒ ▒··▒
▒·▒


You could see a gnoll and a worker ant zombie.

Vanquished Creatures
  A water moccasin zombie (D:5)
  A howler monkey (D:4)
  3 worker ants (D:4)
  A hound zombie (D:5)
  Robin (D:2)
  5 gnolls
  4 adders (D:2)
  An ooze (D:1)
  A worm (D:2)
  4 dart slugs
  A leopard gecko (D:1)
  15 orcs
  4 giant cockroaches
  12 goblins
  16 hobgoblins
  12 jackals
  2 ball pythons (D:1)
  8 bats
  6 frilled lizards
  4 kobolds
  6 rats
108 creatures vanquished.

Notes
Turn   | Place    | Note
-------+----------+-------------------------------------------
     0 | D:1      | Azzok the Octopode Fire Elementalist began the quest for
                  | the Orb.
     0 | D:1      | Reached XP level 1. HP: 11/11 MP: 3/3
    84 | D:1      | Reached XP level 2. HP: 17/17 MP: 0/5
   468 | D:1      | Reached XP level 3. HP: 21/21 MP: 3/6
  1444 | D:2      | Noticed Robin
  1559 | D:2      | Killed Robin
  1559 | D:2      | Reached skill level 4 in Fire Magic
  1559 | D:2      | Reached XP level 4. HP: 27/27 MP: 1/7
  1639 | D:2      | Learned a level 3 spell: Conjure Flame
  1948 | D:2      | Found a snail-covered altar of Cheibriados.
  3013 | D:2      | Reached XP level 5. HP: 24/31 MP: 4/8
  4539 | D:3      | Reached skill level 5 in Fire Magic
  4807 | D:3      | Reached XP level 6. HP: 36/36 MP: 5/9
  4921 | D:3      | Found a shadowy altar of Dithmenos.
  5136 | D:4      | Learned a level 4 spell: Sticky Flame
  5320 | D:4      | Found a shattered altar of Ashenzari.
  5496 | D:4      | Noticed Sigmund
  5556 | D:5      | Entered Level 5 of the Dungeon
  5762 | D:5      | HP: 1/36 [gnoll/spear (3)]
  5763 | D:5      | Mangled by a gnoll

Skill      XL: |  1  2  3  4  5 |
---------------+----------------+-----
Conjurations   | 2 3 4 |  4.6
Fire Magic     | 4 5 |  5.5
Dodging        | |  2.0
Stealth        | |  2.6
Spellcasting   | |  2.5

Action                   |  1- 3 |  4- 6 || total
-------------------------+-------+-------++-------
Melee: Unarmed           |    12 |    17 ||    29
       Constrict         |     3 |     7 ||    10
       Tentacles         |     1 |     3 ||     4
 Cast: Flame Tongue      |    50 |   172 ||   222
       Sticky Flame      |       |     1 ||     1
  Use: Scroll            |       |     6 ||     6
  Eat: Chunk             |     3 |    12 ||    15
       Ration            |       |     1 ||     1
Armor: Skin              |     2 |    12 ||    14
Dodge: Dodged            |    19 |   119 ||   138
